 Dungeon Crawl Stone Soup version 0.29-a0-1027-gcd8c55af63 (webtiles) character file.

Game seed: 18131804162966762532

5224 freelancePsychic the Skirmisher (level 10, -7/73 HPs)
             Began as a Human Delver on Aug 13, 2022.
             Was a Priest of Hepliaklqana.
             Shot with a bolt by a tengu warrior (29 damage)
             ... on level 9 of the Dungeon.
             The game lasted 00:20:05 (11019 turns).

freelancePsychic the Skirmisher (Human Delver)     Turns: 11019, Time: 00:20:05

Health: -7/73      AC:  6    Str: 12    XL:     10   Next: 92%
Magic:  14/14      EV: 13    Int: 10    God:    Hepliaklqana [***...]
Gold:   345        SH:  0    Dex: 20    Spells: 9/9 levels left

rFire   + . .      SeeInvis +   a - +2 sling (freeze)
rCold   x . .      Faith    .   (no shield)
rNeg    . . .      Spirit   .   I - +0 steam dragon scales
rPois   +          Reflect  .   s - +0 hat {SInv}
rElec   .          Harm     .   (no cloak)
rCorr   .          Rampage  .   (no gloves)
Will    .....                   q - +0 pair of boots
Stlth   +++.......              (no amulet)
HPRegen 0.22/turn               p - ring of poison resistance
MPRegen 0.14/turn               j - ring of fire

@: studying Polearms
A: reduced essence
a: Renounce Religion, Recall Ancestor, Ancestor Identity, Transference


You were on level 9 of the Dungeon.
You worshipped Hepliaklqana.
Hepliaklqana was most pleased with you.
You visited 1 branch of the dungeon, and saw 9 of its levels.

You collected 345 gold pieces.

Inventory:

Hand Weapons
 a - a +2 sling of freezing (weapon)
 b - a +5 longbow of flaming
 B - a +0 shortbow
Missiles
 E - 3 throwing nets
Armour
 q - a +0 pair of boots (worn)
 s - a +0 hat of see invisible (worn)
 v - a +0 helmet
 G - a +0 leather armour
 I - +0 steam dragon scales (worn)
Jewellery
 j - a ring of fire (right hand)
 p - a ring of poison resistance (left hand)
 y - a +6 ring of strength
Wands
 d - a wand of roots (4)
 g - a wand of digging (1)
 A - a wand of flame (18)
 C - a wand of acid (10)
 F - a wand of charming (26)
Scrolls
 c - a scroll of fog
 e - a scroll of torment
 i - a scroll of immolation
 k - 3 scrolls of vulnerability
 l - a scroll of teleportation {@r4}
 n - a scroll of fear
 o - 2 scrolls of magic mapping
 J - a scroll of blinking
Potions
 f - 2 potions of haste {@q3}
 h - 4 potions of mutation {unknown}
 m - 2 potions of invisibility {unknown}
 r - 3 potions of attraction {unknown}
 t - a potion of brilliance {unknown}
 u - 4 potions of lignification {unknown}
 w - a potion of flight {unknown}
 z - 2 potions of curing {unknown}
 H - a potion of might {unknown}
Miscellaneous
 D - a phial of floods


   Skills:
 + Level 8.7 Fighting
 - Level 2.6 Maces & Flails
 * Level 11.3 Ranged Weapons
 - Level 2.8 Dodging
 - Level 5.0 Stealth
 - Level 5.5 Invocations
 + Level 2.7 Evocations


You had 9 spell levels left.
You didn't know any spells.
Your spell library contained the following spells:

 Spells                   Type           Power      Damage    Failure   Level
 Freeze                   Ice            0%         1d3       36%         1
 Sandblast                Erth           0%         2d4       36%         1
 Passwall                 Tmut/Erth      0%         N/A       50%         2
 Frozen Ramparts          Ice            0%         1d1       75%         3
 Stone Arrow              Conj/Erth      0%         3d7       75%         3
 Hailstorm                Conj/Ice       0%         3d3       98%         4
 Ice Form                 Ice/Tmut       0%         N/A       98%         4
 Simulacrum               Ice/Necr       0%         N/A       100%        6


Dungeon Overview and Level Annotations

Branches:
Dungeon (9/15)             Temple (0/1) D:5
   Lair: D:8-11         Orc: D:9-12

Altars:
Ashenzari
Cheibriados
Hepliaklqana
Makhleb
Nemelex Xobeh
Trog
Vehumet
Wu Jian
Xom

Annotations:
D:2 Jessica, Sigmund
D:4 2 transporters, Ijyb
D:5 3 runed translucent doors, flotson's ghost, weakling DsDe; kd29's ghost, novice GrFE
D:8 exclusion: two-headed ogre


Message History

No target in view!
No target in view!
No target in view!
You now have 345 gold pieces (gained 10).
Things that are here:
a +0 shortbow; a centaur corpse
There is an open door, spattered with blood here.
Things that are here:
a +0 spear; a +0 ring mail; a gnoll corpse Unknown command.
The centaur warrior wields a +0 shortbow.
The centaur warrior shoots an arrow.
Sir Smash blocks the arrow.
The tengu warrior shoots a bolt.
The bolt hits you!!
You hear a shout!
You hear an angry hiss.
The centaur warrior shoots an arrow.
The arrow hits you.
The centaur warrior shoots an arrow.
The arrow hits Sir Smash!
Sir Smash hits the centaur warrior with a +0 flail!
The centaur warrior shoots an arrow.
The arrow hits you!!
The centaur warrior shoots an arrow.
The arrow closely misses you.
There is an open door, spattered with blood here.
Things that are here:
a +0 spear; a +0 ring mail; a gnoll corpse The centaur warrior shoots an arrow.
The arrow hits you!
* * * LOW HITPOINT WARNING * * *
There is a stone staircase leading up, spattered with blood here.
The centaur warrior shoots an arrow.
The arrow closely misses you.
You climb upwards.
Level annotation: exclusion: two-headed ogre
There is a stone staircase leading down here.
You start resting.
HP restored.
You climb downwards.
The centaur warrior shoots an arrow.
The arrow closely misses you.
The centaur warrior shoots an arrow.
The arrow hits you!
The tengu warrior shoots a bolt.
The bolt hits you!!
There is a stone staircase leading up, spattered with blood here.
The centaur warrior shoots an arrow.
Sir Smash blocks the arrow.
The centaur warrior shoots an arrow.
The arrow hits Sir Smash!
The tengu warrior shoots a bolt.
The bolt hits you!!
You die...

####################
..#...........)......#
...#..........<)......#
...#........##..##....#
##.###..##...###+###'###
...#######.......##....#
...#......Q.....@.+....#
...#....##cR.##..##....#
.<.#....##)####..##....#
...#.........#.........#
...#.........#.........#
##.####.###..##........#
##.####.###..###########
.........#.......#
.........#.......#


You could see the friendly Sir Smash the knight, a tengu warrior and a centaur
warrior (ally target).

Vanquished Creatures
  A meliai (D:9)
  Grinder (D:5)
  4 wyverns (D:9)
  2 steam dragons
  3 water moccasins
  An ice beast (D:7)
  An ogre (D:5)
  6 centaurs
  2 phantoms
  2 bullfrogs
  A gnoll sergeant (D:9)
  2 scorpions
  4 killer bees
  A howler monkey (D:6)
  2 hounds (D:5)
  A jelly (D:4)
  4 orc priests
  An iguana (D:6)
  Natasha (D:1)
  6 orc wizards
  8 gnolls
  6 adders
  An ufetubus (D:5)
  2 worms
  3 dart slugs
  18 orcs
  A ball python (D:2)
  2 bats
  9 endoplasms
  6 giant cockroaches
  9 goblins
  2 hobgoblins
  2 jackals
  5 kobolds
  2 quokkas
  5 frilled lizards
  3 rats (D:1)
130 creatures vanquished.

Vanquished Creatures (collateral kills)
  A hornet (D:9)
  A steam dragon (D:7)
  A water moccasin (D:7)
  A sky beast (D:7)
  2 ice beasts
  2 orc warriors
  A phantom (D:4)
  2 bullfrogs
  A kobold brigand (D:9)
  A gnoll sergeant (D:8)
  A necrophage (D:7)
  A scorpion (D:6)
  A crimson imp (D:4)
  3 hounds
  4 orc priests
  2 iguanas
  An orc wizard (D:9)
  An adder (D:5)
  2 gnolls (D:6)
  A shadow imp (D:6)
  An ufetubus (D:7)
  A worm (D:4)
  4 orcs
  A giant cockroach (D:4)
  A jackal (D:4)
38 creatures vanquished.

Vanquished Creatures (others)
  2 knights (D:9)
  An orc wizard (D:7)
  3 ancestors
  12 plants
  6 withered plants (D:5)
24 creatures vanquished.

Grand Total: 192 creatures vanquished

Notes
Turn   | Place    | Note
-------+----------+-------------------------------------------
     0 | D:5      | freelancePsychic the Human Delver began the quest for the
                  | Orb.
     0 | D:5      | Reached XP level 1. HP: 18/18 MP: 1/1
    41 | D:5      | Noticed a hound
    65 | D:5      | Noticed a water moccasin
   304 | D:2      | Reached XP level 2. HP: 24/24 MP: 2/2
   318 | D:2      | Noticed Jessica
   699 | D:2      | Noticed Natasha
  1032 | D:1      | Reached XP level 3. HP: 29/29 MP: 3/3
  1246 | D:1      | Reached skill level 1 in Ranged Weapons
  1623 | D:1      | You fall into a shaft and drop 1 floor!
  2247 | D:2      | Reached skill level 2 in Ranged Weapons
  2247 | D:2      | Reached XP level 4. HP: 26/36 MP: 4/4
  2532 | D:2      | Noticed Sigmund
  2654 | D:1      | Killed Natasha
  2655 | D:1      | Reached XP level 5. HP: 31/42 MP: 5/5
  2787 | D:3      | Found a hazy altar of Hepliaklqana.
  2846 | D:3      | Became a worshipper of Hepliaklqana the Forgotten
  3296 | D:3      | Reached skill level 3 in Ranged Weapons
  3994 | D:4      | Found a transporter.
  3995 | D:4      | Noticed an orc warrior
  3996 | D:4      | Noticed a steam dragon
  3997 | D:4      | Noticed a sky beast
  3999 | D:4      | Found a bloodstained altar of Trog.
  4009 | D:4      | Found a transporter.
  4044 | D:4      | Reached * piety under Hepliaklqana
  4045 | D:4      | Found a sparkling altar of Nemelex Xobeh.
  4225 | D:4      | Noticed a centaur
  4292 | D:4      | Noticed Ijyb
  4332 | D:5      | Noticed Grinder
  4360 | D:5      | Killed Grinder
  4361 | D:5      | Reached skill level 4 in Ranged Weapons
  4361 | D:5      | Reached XP level 6. HP: 45/45 MP: 6/6
  4361 | D:5      | Reached XP level 7. HP: 49/49 MP: 7/7
  4522 | D:5      | Reached skill level 5 in Ranged Weapons
  4563 | D:5      | Found a staircase to the Ecumenical Temple.
  4598 | D:5      | Found a runed translucent gate.
  4606 | D:5      | Found a runed translucent gate.
  4614 | D:5      | Reached skill level 5 in Fighting
  4656 | D:5      | Found a runed translucent gate.
  4659 | D:5      | Noticed flotson's ghost (weakling DsDe)
  4659 | D:5      | Noticed kd29's ghost (novice GrFE)
  4727 | D:5      | Reached skill level 6 in Ranged Weapons
  4727 | D:5      | Reached XP level 8. HP: 28/56 MP: 8/8
  5305 | D:5      | Reached skill level 7 in Ranged Weapons
  5851 | D:4      | Reached skill level 1 in Invocations
  6015 | D:4      | Found a burning altar of Makhleb.
  6016 | D:4      | Found a radiant altar of Vehumet.
  6592 | D:6      | Reached skill level 8 in Ranged Weapons
  6592 | D:6      | Reached XP level 9. HP: 55/63 MP: 10/10
  6756 | D:6      | Reached ** piety under Hepliaklqana
  6757 | D:6      | Remembered your ancestor Sir Smash as a knight
  7621 | D:6      | Reached skill level 9 in Ranged Weapons
  7951 | D:6      | Found an ornate altar of the Wu Jian Council.
  8346 | D:7      | Reached XP level 10. HP: 65/72 MP: 13/13
  8465 | D:7      | Found a broken altar of Ashenzari.
  8803 | D:8      | Reached skill level 10 in Ranged Weapons
  8803 | D:8      | Reached skill level 5 in Invocations
  8810 | D:8      | Found a shimmering altar of Xom.
  8835 | D:8      | Reached *** piety under Hepliaklqana
  9175 | D:8      | Identified a scroll of acquirement
  9176 | D:8      | Acquired a +4 longbow of flaming
  9332 | D:8      | Found a snail-covered altar of Cheibriados.
  9448 | D:8      | Noticed a two-headed ogre
  9515 | D:8      | Reached skill level 1 in Evocations
  9768 | D:9      | Identified the +7 spear "Myupir" {vorpal, Dex+4}
  9970 | D:9      | Noticed a tengu warrior
  9970 | D:9      | Noticed a rime drake
  9970 | D:9      | Noticed a centaur warrior
  9970 | D:9      | Noticed a kobold demonologist
  9971 | D:9      | a rime drake changed into a fire bat
  9972 | D:9      | Noticed a centaur warrior
 10147 | D:8      | Reached skill level 11 in Ranged Weapons
 11019 | D:9      | Shot with a bolt by a tengu warrior

Illustrated notes

Levels and vault maps discovered:
D:1:      dpeg_arrival_refuge, layout_loops_corners
D:2:      kb_forest_paths, layout_basic, st_stairs_12,
          roderic_nine_men_s_morris, uniq_jessica, uniq_sigmund, uniq_natasha
D:3:      layout_loops_corners, nzn_hepliaklqana_mist_gate, serial_bayou_ford_a
D:4:      layout_basic, lemuel_tele_altar, gammafunk_temple_overflow_arena,
          grunt_temple_overflow_lords_of_destruction, minmay_manual_monstrance,
          uniq_ijyb
D:5:      layout_basic, temple_pool_b, gammafunk_ghost_cemetery,
          reono_crystal_passage, uniq_grinder
D:6:      layout_basic, nicolae_wu_jian_glorious_leap, serial_glass,
          glass_columns_b, glass_columns_b, chequers_serial_rivers_room_b
D:7:      layout_basic, mainiacjoe_overflow_six_doors_small
D:8:      layout_loops_ring, mainiacjoe_overflow_concentric_impassable,
          kennysheep_slug_shrine, minmay_joined_circles
D:9:      nzn_winding_woodlands_large [nzn_winding_woodlands_5x5_open_star,
          nzn_winding_woodlands_5x15_pool, nzn_winding_woodlands_5x5_cross,
          nzn_winding_woodlands_center_pierced_h,
          nzn_winding_woodlands_15x15_killbox,
          nzn_winding_woodlands_center_triple_pond,
          nzn_winding_woodlands_5x5_three, nzn_winding_woodlands_5x15_garden,
          nzn_winding_woodlands_5x5_perimeter], layout_gridville,
          mainiacjoe_overflow_alcove_1, nicolae_qazlal_style_of_elements,
          serial_shops, kennysheep_mini_moat

Skill      XL: |  1  2  3  4  5  6  7  8  9 10 |
---------------+-------------------------------+-----
Ranged Weapons | 2 4 6 8 9 11 | 11.3
Fighting       | 4 5 6 7 8 |  8.7
Invocations    | 2 4 5 |  5.5
Evocations     | 2 |  2.7
Maces & Flails | |  2.6
Dodging        | |  2.8
Stealth        | |  5.0

Action                   |  1- 3 |  4- 6 |  7- 9 | 10-12 || total
-------------------------+-------+-------+-------+-------++-------
Melee: Mace              |    40 |       |       |       ||    40
 Fire: Sling             |    82 |   136 |   219 |   150 ||   587
       Shortbow          |       |       |    52 |       ||    52
Invok: Ancestor Identity |       |       |     1 |       ||     1
       Recall Ancestor   |       |       |     3 |       ||     3
       Ancestor Life: Kn |       |       |     1 |       ||     1
Evoke: Wand              |     1 |       |       |     7 ||     8
  Use: Scroll            |     2 |     1 |       |    11 ||    14
       Potion            |     1 |       |       |     2 ||     3
 Stab: Sleeping          |     3 |       |       |       ||     3
Armor: Leather armour    |     7 |       |       |       ||     7
       Ring mail         |    31 |    25 |    32 |     2 ||    90
       Steam dragon scal |       |       |       |    16 ||    16
Dodge: Dodged            |    79 |    40 |    59 |    53 ||   231

Table legend: (Time is in decaauts)
 A = Elapsed time spent in this place.
 B = Non-inter-level travel time spent in this place.
 C = Inter-level travel time spent in this place.
 D = Time resting spent in this place.
 E = Time spent auto-exploring this place.
 F = Levels seen in this place.
 G = Mean time per level.
                   A        B        C        D        E       F      G
               +--------+--------+--------+--------+--------+-----+--------+
         Total |  11150 |  10721 |    429 |   1848 |   7079 |   9 | 1238.9 |
       Dungeon |  11150 |  10721 |    429 |   1848 |   7079 |   9 | 1238.9 |
               +--------+--------+--------+--------+--------+-----+--------+

Top non-repeatable levels by time:
     D:5: 2018 daAuts
     D:8: 1502 daAuts
     D:1: 1492 daAuts
     D:6: 1286 daAuts
     D:4: 1213 daAuts
     D:3: 1195 daAuts
     D:2: 1058 daAuts
     D:9: 695 daAuts
     D:7: 686 daAuts
